 Dungeon Crawl Stone Soup version 0.26-a0-949-ga0cc1ef5f6 (webtiles) character file.

Game seed: 4541579095570586890

1316 sahdkjhfkaj the Charlatan (level 8, -1/57 HPs)
             Began as an Octopode Monk on Nov 28, 2020.
             Slain by Maggie
             ... wielding a +0 glaive
              (8 damage)
             ... on level 6 of the Dungeon.
             The game lasted 00:12:54 (9013 turns).

sahdkjhfkaj the Charlatan (Octopode Monk)           Turns: 9013, Time: 00:12:54

Health: -1/57      AC:  1    Str: 11    XL:     8   Next: 59%
Magic:  8/8        EV: 16    Int: 14    God:
Gold:   338        SH:  0    Dex: 14    Spells: 7/7 levels left

rFire    . . .     SeeInvis .   a - +1 spear
rCold    . . .     Faith    .   (no shield)
rNeg     . . .     Spirit   .   (helmet restricted)
rPois    .         Reflect  .   (no amulet)
rElec    .         Harm     .   (no ring)
rCorr    .         Rampage  .   (no ring)
MR       .....                  (no ring)
Stlth    ++........             (no ring)
HPRegen  0.19/turn              (no ring)
MPRegen  0.11/turn              (no ring)
                                (no ring)
                                (no ring)

@: confused
A: almost no armour, stealthy swim, amphibious, 8 rings, constrict 8, camouflage
1, gelatinous body 1
a: no special abilities


You were on level 6 of the Dungeon.
You visited 2 branches of the dungeon, and saw 7 of its levels.

You collected 338 gold pieces.

Inventory:

Hand Weapons
 a - a +1 spear (weapon)
Missiles
 b - 189 stones (quivered)
Armour
 d - a +0 tower shield
Scrolls
 e - a scroll of enchant weapon {!r}
 i - 3 scrolls of immolation {!r}
 j - a scroll of remove curse {!r}
Potions
 g - a potion of brilliance {!q}
 k - a potion of curing {!q}


   Skills:
 - Level 6.0 Fighting
 - Level 3.0 Maces & Flails
 - Level 3.5 Polearms
 + Level 5.5 Dodging
 - Level 5.0 Stealth
 - Level 6.0 Evocations


You had 7 spell levels left.
You didn't know any spells.
Your spell library was empty.

Dungeon Overview and Level Annotations

Branches:
Dungeon (6/15)             Temple (1/1) D:5

Altars:
Ashenzari
Kikubaaqudgha
Nemelex Xobeh
Qazlal
Ru
Trog
Vehumet
Wu Jian
Zin
The Shining One

Shops:
D:6 =

Annotations:
D:3 3 runed translucent doors, exclusion: 3 doors, mhtbhm's ghost, amateur GrFi
D:4 phantom
D:6 Maggie


Innate Abilities, Weirdness & Mutations

You cannot wear most types of armour.
You are very stealthy in the water. (Stealth+)
You are amphibious.
You can wear up to eight rings at the same time.
You can use your tentacles to constrict eight enemies at once.
Your skin changes colour to match your surroundings (Stealth+).
Your rubbery body absorbs attacks. (AC +1, EV +1)


Message History

The jackal closely misses you. The bullfrog closely misses you.
You release your grip on the bullfrog.
You break out of your daze.
The bullfrog hits you.
* * * LOW HITPOINT WARNING * * *
The jackal misses you.
Maggie hits you from afar with a +0 glaive!
* * * LOW HITPOINT WARNING * * *
Unknown command.
You hit the bullfrog but do no damage. Your squeeze misses the bullfrog.
The bullfrog is heavily wounded.
The jackal bites you.
* * * LOW HITPOINT WARNING * * *
The bullfrog swells and bulges.
The bullfrog hits you!
* * * LOW HITPOINT WARNING * * *
The jackal closely misses you. The bullfrog completely misses you.
The jackal barely misses you.
Maggie hits you from afar with a +0 glaive!
You die...

## # ##.# .# ...#### ..#
#..#.## #..# #.$#.##..
.# ##....#.#..##
############....@h†....#
....)....#....##hF....##
#...###.#..@..###
##..####..#..##
#...##.#....#
#............
#...#.##..|.#.
#..#....#...#.# ##.##
#.##.#.###....# #...##


You could see Maggie, a bullfrog and 2 jackals.

Vanquished Creatures
  A sky beast (D:5)
  A phantom (D:4)
  An ogre (D:3)
  A centaur (D:5)
  3 scorpions (D:5)
  5 hounds
  6 orc wizards
  4 orc priests
  A jelly (D:5)
  Jessica (D:3)
  2 worker ants
  A worker ant zombie (D:4)
  5 gnolls
  7 adders
  A shadow imp (D:5)
  2 white imps (D:5)
  2 oozes
  An adder zombie (D:5)
  2 worms
  A dart slug (D:3)
  3 leopard geckos
  20 orcs
  7 bats
  5 giant cockroaches
  9 goblins
  7 hobgoblins
  9 jackals
  3 kobolds
  6 quokkas
  3 ball pythons
  A ball python skeleton (D:4)
  3 frilled lizards
  7 rats
131 creatures vanquished.

Vanquished Creatures (others)
  10 fungi (D:5)
10 creatures vanquished.

Grand Total: 141 creatures vanquished

Notes
Turn   | Place    | Note
-------+----------+-------------------------------------------
     0 | D:1      | sahdkjhfkaj the Octopode Monk began the quest for the Orb.
     0 | D:1      | Reached XP level 1. HP: 16/16 MP: 1/1
   160 | D:1      | Reached XP level 2. HP: 21/21 MP: 2/2
   545 | D:2      | Reached XP level 3. HP: 26/26 MP: 3/3
   734 | D:2      | Reached skill level 5 in Stealth
   782 | D:2      | Reached skill level 1 in Maces & Flails
   782 | D:2      | Reached XP level 4. HP: 29/31 MP: 4/4
  1197 | D:3      | Noticed an ogre
  1197 | D:3      | Noticed mhtbhm's ghost (amateur GrFi)
  1201 | D:3      | Noticed a centaur
  1204 | D:3      | Found a runed translucent gate.
  1204 | D:3      | Found a runed translucent gate.
  1204 | D:3      | Found a runed translucent gate.
  1345 | D:3      | Noticed Jessica
  1354 | D:3      | Killed Jessica
  1355 | D:3      | Reached skill level 1 in Evocations
  1597 | D:3      | Reached XP level 5. HP: 36/36 MP: 5/5
  2962 | D:4      | Noticed an ogre
  3493 | D:3      | Found a runed translucent gate.
  3493 | D:3      | Found a runed translucent gate.
  3494 | D:3      | Found a runed translucent gate.
  3545 | D:3      | Killed an ogre
  3546 | D:3      | Reached XP level 6. HP: 11/42 MP: 6/6
  4002 | D:4      | Reached skill level 5 in Evocations
  4318 | D:4      | Reached XP level 7. HP: 48/48 MP: 7/7
  4471 | D:4      | Reached skill level 5 in Fighting
  4839 | D:4      | Found a broken altar of Ashenzari.
  5251 | D:5      | Entered Level 5 of the Dungeon
  5308 | D:5      | Reached skill level 5 in Dodging
  5592 | D:5      | Found a staircase to the Ecumenical Temple.
  5921 | D:5      | Reached XP level 8. HP: 18/55 MP: 8/8
  6136 | Temple   | Entered the Ecumenical Temple
  6996 | D:5      | Found an ancient bone altar of Kikubaaqudgha.
  7917 | D:6      | Found Zudiesuf's Jewellery Shop.
  8976 | D:6      | Noticed Maggie
  9013 | D:6      | Slain by Maggie

Illustrated notes

Levels and vault maps discovered:
D:1:      dpeg_arrival_tiny_e, layout_rooms, serial_forest,
          infiniplex_forest_join, infiniplex_forest_lined_corner,
          infiniplex_forest_straight_4, infiniplex_forest_end_1,
          infiniplex_forest_clump_long, infiniplex_forest_lined_1,
          infiniplex_forest_zigzag_2, infiniplex_forest_lined_room_2,
          infiniplex_forest_straight_1
D:2:      cheibrodos_old_hovel, layout_rooms, st_stairs_4,
          kennysheep_minor_cross
D:3:      layout_basic, gammafunk_ghost_split, uniq_jessica
D:4:      layout_rooms, cheibrodos_ashenzari_chains, eino_tiny_chamber,
          minmay_bisected
D:5:      layout_loops_ring, minmay_temple_entry_wispy, serial_aquarium,
          aquarium_bridge_square [aquarium_subvault_window,
          aquarium_subvault_wall, aquarium_subvault_wall,
          aquarium_subvault_bridge], aquarium_window_2, aquarium_window_1,
          aquarium_window_3, aquarium_window_2, aquarium_view_2f,
          aquarium_view_2e, aquarium_balcony_5b, aquarium_pool_2,
          lemuel_tele_altar
D:6:      minmay_inner_zag, layout_layer_cave, serial_shops,
          nicolae_shop_waterfront, uniq_maggie
Temple:   jpeg_temple_island

Skill      XL: |  1  2  3  4  5  6  7  8 |
---------------+-------------------------+-----
Stealth        | 4 5 |  5.0
Maces & Flails | 1 2 3 |  3.0
Evocations     | 1 4 5 6 |  6.0
Fighting       | 4 5 6 |  6.0
Dodging        | 5 |  5.5
Polearms       | |  3.5

Action                   |  1- 3 |  4- 6 |  7- 9 || total
-------------------------+-------+-------+-------++-------
Melee: Spear             |    74 |   154 |   280 ||   508
       Constrict         |    14 |    30 |    36 ||    80
       Tentacles         |     9 |    21 |    45 ||    75
Throw: Stone             |     3 |       |       ||     3
  Use: Scroll            |       |     2 |     9 ||    11
       Potion            |       |     3 |     2 ||     5
 Stab: Sleeping          |    10 |    14 |     5 ||    29
       Distracted        |       |       |     2 ||     2
Armor: Skin              |     6 |     5 |    17 ||    28
Dodge: Dodged            |    31 |    88 |   168 ||   287

Table legend: (Time is in decaauts)
 A = Elapsed time spent in this place.
 B = Non-inter-level travel time spent in this place.
 C = Inter-level travel time spent in this place.
 D = Time resting spent in this place.
 E = Time spent auto-exploring this place.
 F = Levels seen in this place.
 G = Mean time per level.
                   A        B        C        D        E       F      G
               +--------+--------+--------+--------+--------+-----+--------+
         Total |   8970 |   8710 |    260 |   3666 |   3757 |   7 | 1281.4 |
       Dungeon |   8484 |   8256 |    228 |   3666 |   3305 |   6 | 1414.0 |
        Temple |    485 |    453 |     32 |      0 |    452 |   1 |  485.0 |
               +--------+--------+--------+--------+--------+-----+--------+

Top non-repeatable levels by time:
     D:3: 3111 daAuts
     D:5: 2661 daAuts
     D:4: 1078 daAuts
     D:2: 752 daAuts
     D:1: 535 daAuts
  Temple: 485 daAuts
     D:6: 346 daAuts
